 Dungeon Crawl Stone Soup version 0.30-b1-2-g02819fbbbe (webtiles) character file.

Game seed: 14827359153413598814

33 redmage the Digger (level 3, -2/26 HPs)
             Began as a Meteoran Earth Elementalist on Aug 8, 2023.
             Slain by a gnoll bouda
             ... wielding a +0 whip
              (14 damage)
             ... on level 3 of the Dungeon.
             The game lasted 00:03:50 (196 turns).

redmage the Digger (Meteoran Earth Elementalist)     Turns: 196, Time: 00:03:51

Health: -2/26      AC:  2    Str:  9    XL:     3   Next: 70%
Magic:  3/8        EV: 12    Int: 19    God:
Gold:   77         SH:  0    Dex: 14    Spells: 5/8 levels left

rFire   + + +        g - +2 whip "Dexaw" {holy, *Slow rF+++ SInv}
rCold   . . .        (no shield)
rNeg    . . .        a - +0 robe
rPois   .            (no helmet)
rElec   .            (no cloak)
rCorr   .            (no gloves)
SInv    +            (no boots)
Will    .....        (no amulet)
Stlth   +            (no ring)
HPRegen 0.24/turn    (no ring)
MPRegen 0.11/turn

%: slow self (1%)
@: weakened, glowing
A: sense surroundings 1, otherworldly, glowing, explore regen
a: no special abilities


You were on level 3 of the Dungeon.
You visited 1 branch of the dungeon, and saw 3 of its levels.

You collected 77 gold pieces.

Inventory:

Hand Weapons
 g - the +2 whip "Dexaw" (weapon) {holy, *Slow rF+++ SInv}
   (You found it on level 2 of the Dungeon)

   rF:        It renders you almost immune to fire.
   SInv:      It lets you see invisible.
   *Slow:     It may slow you when you take damage.
Missiles
 f - 3 javelins
Armour
 a - a +0 robe (worn)
Scrolls
 d - a scroll of noise {unknown}
Potions
 b - a potion of magic
 c - a potion of brilliance {unknown}
 e - a potion of mutation {unknown}


   Skills:
 - Level 2.6 Dodging
 - Level 1.5 Stealth
 - Level 3.0 Spellcasting
 - Level 1.6 Transmutations
 + Level 4.6 Earth Magic


You had 5 spell levels left.
You knew the following spells:

 Your Spells              Type           Power      Damage    Failure   Level
a - Sandblast             Erth           40%        2d10      2%          1
b - Passwall              Tmut/Erth      11%        N/A       6%          2

Your spell library contained the following spells:

 Spells                   Type           Power      Damage    Failure   Level
 Stone Arrow              Conj/Erth      22%        3d8       19%         3
 Petrify                  Tmut/Erth      14%        N/A       38%         4


Dungeon Overview and Level Annotations

Branches:
Dungeon (3/15) Zot: 1591

Altars:
Nemelex Xobeh

Annotations:
D:3 diceflayer's ghost, weakling DsGl


Innate Abilities, Weirdness & Mutations

You passively map a small area around you.
You are easily found by Zot.
You glow in the dark.
You regain HP and MP as you explore.


Message History

You kill the adder!
The kobold throws a poisoned dart.
The poisoned dart closely misses you.
Unknown command.
Unknown command.
The gnoll bouda gazes fiercely through you!
You feel your attacks grow feeble.
Found a scroll labelled SIESAE SASSI.
The gnoll bouda gazes fiercely through you!
You feel as though you will be weak longer.
The gnoll bouda attacks as you move away!
The gnoll bouda hits you with a +0 whip.
Casting: Sandblast (safe; 2% risk of failure)
Confirm with . or Enter, or press ? or * to list all spells.
Aiming: Sandblast (safe; 2% risk of failure)
Press: ? - help, Shift-Dir - straight line, f - gnoll bouda
Aim: a gnoll bouda, wielding a +0 whip and wearing a +0 leather armour (85% to hit)
The blast of sand hits the gnoll bouda.
The gnoll bouda is lightly wounded.
The gnoll bouda hits you with a +0 whip.
The gnoll bouda barely misses you.
Casting: Sandblast (safe; 2% risk of failure)
Confirm with . or Enter, or press ? or * to list all spells.
Aiming: Sandblast (safe; 2% risk of failure)
Press: ? - help, Shift-Dir - straight line, f/p - gnoll bouda
Aim: a gnoll bouda, wielding a +0 whip and wearing a +0 leather armour (lightly wounded, 85% to hit)
The blast of sand hits the gnoll bouda!
The gnoll bouda is heavily wounded.
The gnoll bouda hits you with a +0 whip!
Casting: Sandblast (safe; 2% risk of failure)
Confirm with . or Enter, or press ? or * to list all spells.
Aiming: Sandblast (safe; 2% risk of failure)
Press: ? - help, Shift-Dir - straight line, f/p - gnoll bouda
Aim: a gnoll bouda, wielding a +0 whip and wearing a +0 leather armour (heavily wounded, 85% to hit)
The blast of sand hits the gnoll bouda.
The gnoll bouda is severely wounded.
The gnoll bouda gazes fiercely through you!
You feel as though you will be weak longer.
The gnoll bouda hits you with a +0 whip!
Ouch! That really hurt!
You die...

#...........#
.###..†###.# * ,
##.####.####.# ,, #.#
#.#<....# ** #.#
##.###### #.# ### #.#
######.############
#........##SKg@.?.#
#...##.#.##W#####.#
##.#.##...##.#### ,
#...........K...#*
##...............#
.....#########.W.# ,#
#.#..#.......#†..##.#
#.#..#..###..#...)..#
#....#.[###..'...####


You could see a gnoll bouda, diceflayer's ghost, a ball python and a kobold.

Vanquished Creatures
  2 adders (D:3)
  A worm (D:2)
  An endoplasm (D:2)
  A giant cockroach (D:3)
  A hobgoblin (D:2)
  3 kobolds
  A frilled lizard (D:2)
  A goblin (D:2)
  2 rats
13 creatures vanquished.

Notes
Turn   | Place    | Note
-------+----------+-------------------------------------------
     0 | D:1      | redmage the Meteoran Earth Elementalist began the quest for
                  | the Orb.
     0 | D:1      | Reached XP level 1. HP: 14/14 MP: 5/5
    15 | D:2      | Found a sparkling altar of Nemelex Xobeh.
    54 | D:2      | Reached XP level 2. HP: 20/20 MP: 0/6
   111 | D:2      | Identified the +2 whip "Dexaw" {holy, *Slow rF+++ SInv}
   125 | D:3      | Learned a level 2 spell: Passwall
   138 | D:3      | Reached skill level 4 in Earth Magic
   138 | D:3      | Reached XP level 3. HP: 19/26 MP: 4/8
   140 | D:3      | Found a runed translucent gate.
   141 | D:3      | Found a runed translucent gate.
   141 | D:3      | Found a runed translucent gate.
   146 | D:3      | Noticed diceflayer's ghost (weakling DsGl)
   196 | D:3      | Slain by a gnoll bouda

Illustrated notes

Levels and vault maps discovered:
D:1:      amcnicky_arrival_blooded_trapdoor, layout_basic, minmay_pentomino_w4
D:2:      layout_basic, basic_altar, item_on_display_a
D:3:      layout_loops_corners, lemuel_coloured_pillars_altar,
          gammafunk_ghost_split

Skill      XL: |  1  2 |
---------------+-------+-----
Spellcasting   | 3 |  3.0
Earth Magic    | 4 |  4.6
Dodging        | |  2.6
Stealth        | |  1.5
Transmutations | |  1.6

Action                     || total
---------------------------++-------
  Melee: Whip              ||     2
   Cast: Sandblast         ||    25
 Armour: Robe              ||     4
  Dodge: Dodged            ||    12
